 Dungeon Crawl Stone Soup version 0.31-a0-986-g5e6e4ef867 (webtiles) character file.

Game seed: 8349287530461884101

4680 Forgeling the Covert (level 10, -3/66 HPs)
             Began as an Octopode Earth Elementalist on Nov 11, 2023.
             Was an Initiate of Sif Muna.
             Slain by a killer bee (10 damage)
             ... on level 8 of the Dungeon.
             The game lasted 00:20:04 (8466 turns).

Forgeling the Covert (Octopode Earth Elementalist)  Turns: 8466, Time: 00:20:04

Health: -3/66      AC:  1    Str:  5 (7)  XL:     10   Next: 44%
Magic:  16/16      EV: 17    Int: 20 (21) God:    Sif Muna [......]
Gold:   435        SH:  0    Dex: 21 (23) Spells: 8/18 levels left

rFire   + . .        i - staff "Gixablir" {Fragile rN+ Dex+3 Earth}
rCold   . . .        (no shield)
rNeg    + . .        (helmet restricted)
rPois   .            b - amulet of reflection
rElec   .            m - ring of protection from fire
rCorr   .            h - +6 ring of dexterity
SInv    .            (no ring)
Will    .....        (no ring)
Stlth   +++          (no ring)
HPRegen 0.31/turn    (no ring)
MPRegen 0.15/turn    (no ring)
                     (no ring)

%: reflection
@: confused, lethally poisoned (-3 -> -5), ambrosia-drunk, on berserk cooldown,
slowed, invisible, very slow
A: almost no armour, amphibious, 8 rings, camouflage 1, gelatinous body 1,
(nimble swimmer 1), tentacles
a: Renounce Religion


You were on level 8 of the Dungeon.
You worshipped Sif Muna.
Sif Muna was noncommittal.
You visited 2 branches of the dungeon, and saw 9 of its levels.

You collected 435 gold pieces.

Inventory:

Missiles
 d - 6 curare-tipped darts
 p - 3 boomerangs
 t - 6 poisoned darts
Magical Staves
 i - the staff "Gixablir" (weapon) {Fragile rN+ Dex+3 Earth}
   (You took it off an orc wizard on level 5 of the Dungeon)

   [staff of earth]

   Base accuracy: +5 Base damage: 5 Base attack delay: 1.2 This weapon's minimum
   attack delay (0.6) is reached at skill level 12.
   Dex+3:     It affects your dexterity (+3).
   rN+:       It protects you from negative energy.
   Fragile:   It will be destroyed if unequipped.
   Earth:     It increases the power of your Earth spells.
   It falls into the 'Staves' category.
   It is a one-tentacled weapon.
Jewellery
 b - an amulet of reflection (around mantle)
 h - a +6 ring of dexterity (right tentacle)
 m - a ring of protection from fire (left tentacle)
Wands
 j - a wand of polymorph (21)
Scrolls
 a - 2 scrolls of noise {unknown}
 e - 2 scrolls of enchant armour {unknown}
 l - 2 scrolls of revelation {unknown}
 o - a scroll of poison {unknown}
 q - a scroll of teleportation {unknown}
 S - 4 scrolls of butterflies
Potions
 c - a potion of degeneration
 k - a potion of resistance {unknown}
 n - 2 potions of enlightenment
 A - 2 potions of attraction
 B - a potion of brilliance
 C - 2 potions of cancellation
 Q - a potion of magic
 U - 3 potions of mutation


   Skills:
 + Level 5.1 Fighting
 + Level 5.1 Throwing
 - Level 6.0 Dodging
 - Level 10.0 Stealth
 - Level 4.5 Spellcasting
 - Level 5.0 Conjurations
 - Level 1.0 Transmutations
 - Level 7.3 Earth Magic


You had 8 spell levels left.
You knew the following spells:

 Your Spells              Type           Power      Damage    Failure   Level
a - Sandblast             Erth           100%       2d20      1%          1
u - Passwall              Tmut/Erth      25%        N/A       3%          2
v - Brom's Barrelling Bo  Conj/Erth      43%        2d6       10%         4
x - Stone Arrow           Conj/Erth      86%        3d12      3%          3

Your spell library contained the following spells:

 Spells                   Type           Power      Damage    Failure   Level
 Necrotise                Necr           16%        1d4       12%         1
 Slow                     Hex            16%        N/A       12%         1
 Ensorcelled Hibernation  Hex/Ice        8%         N/A       19%         2
 Jinxbite                 Hex            8%         N/A       19%         2
 Petrify                  Tmut/Erth      31%        N/A       22%         4
 Confusing Touch          Hex            4%         N/A       36%         3
 Sigil of Binding         Hex            4%         N/A       36%         3
 Vampiric Draining        Necr           4%         2d6       36%         3
 Anguish                  Hex/Necr       2%         N/A       77%         4
 Agony                    Necr           4%         N/A       98%         5


Dungeon Overview and Level Annotations

Branches:
Dungeon (8/15)             Temple (1/1) D:6
   Lair: D:8-11

Altars:
Ashenzari
Cheibriados
Dithmenos
Elyvilon
Fedhas
Gozag
Hepliaklqana
Kikubaaqudgha
Makhleb
Nemelex Xobeh
Okawaru
Qazlal
Ru
Sif Muna
Trog
Uskayaw
Vehumet
Wu Jian
Xom
Yredelemnul
Zin
The Shining One

Annotations:
D:3 1 runed translucent door, Crazy Yiuf
D:4 3 runed translucent doors, pigah's ghost, amateur OpSh


Innate Abilities, Weirdness & Mutations

You cannot wear most types of armour.
You are amphibious.
You can wear up to eight rings at the same time.
Your skin changes colour to match your surroundings (Stealth+).
Your rubbery body absorbs attacks. (AC +1, EV +1)
((You are camouflaged when in or above water. (Stealth+)))
You have tentacles for arms and can constrict up to eight enemies at once.


Message History

Casting: Sandblast (safe; 1% risk of failure)
Confirm with . or Enter, or press ? or * to list all spells.
Aiming: Sandblast (safe; 1% risk of failure)
Press: ? - help, Shift-Dir - straight line, f - killer bee, p - killer bee
Aim: a killer bee (wandering, hasn't noticed you, 70% to hit)
You feel a surge of power!
The blast of sand hits the killer bee!
The killer bee is almost dead.
The killer bee buzzes angrily.
A wight comes into view. It is wielding a +0 long sword.
The wight moves out of view.
It was a potion of degeneration.
There was something very wrong with that liquid.
You feel weakened.
You feel dopey.
You feel clumsy.
c - a potion of degeneration;
l - 2 scrolls labelled AGINA CEIGA The killer bee stings you!
* * * LOW HITPOINT WARNING * * *
You fade into invisibility!
The killer bee stings you!
* * * LOW HITPOINT WARNING * * *
It was a potion of berserk rage.
A red film seems to cover your vision as you go berserk!
You feel yourself moving faster!
You feel mighty! The killer bee stings you.
* * * LOW HITPOINT WARNING * * *
You are more poisoned.
The killer bee poisons you!
You are too berserk!
Unknown command.
You feel a strong urge to attack something.
* * * LOW HITPOINT WARNING * * *
* * * LOW HITPOINT WARNING * * *
You feel your anger nearly subside.
* * * LOW HITPOINT WARNING * * *
You are no longer berserk.
You are exhausted.
You feel yourself slow down.
* * * LOW HITPOINT WARNING * * *
It was a potion of ambrosia.
You are confused.
You feel invigorated. The killer bee stings you!
You die...

.y... #...##..†##...###..####.###
#... #....#..z.#................
##... #...##....#................
.....##...##....z..).............
.......)).'.....#....##....##....
..........##...##....##....##....
#######...##...##....##....##...#
#....#...##y...##....##...#
#....#....@y...............
#....#.....................
#....#.....................
###.##.####..####..########
+#########.##########..# #.###
....[................... .....
........................# .....
........................# .....
.########+####'######..## ..###


You could see 2 killer bees.

Vanquished Creatures
  A two-headed ogre (D:8)
  Joseph (D:8)
  3 yaks (D:7)
  A steam dragon (D:6)
  2 ice beasts (D:6)
  An orc warrior (D:6)
  4 black bears
  3 sky beasts (D:6)
  An ogre (D:5)
  2 centaurs
  2 phantoms
  2 bullfrogs
  3 scorpions
  7 wights
  6 killer bees
  A howler monkey (D:5)
  2 jellies (D:6)
  3 sleepcaps
  6 orc priests
  4 hounds
  Ijyb (D:4)
  4 iguanas
  6 orc wizards
  7 gnolls
  9 adders
  A shadow imp (D:7)
  A white imp (D:6)
  2 dart slugs (D:1)
  A worm (D:3)
  26 orcs
  4 endoplasms
  3 giant cockroaches
  10 goblins
  4 hobgoblins
  4 jackals (D:2)
  3 kobolds
  6 quokkas
  6 ball pythons
  7 bats
  2 frilled lizards (D:2)
  6 rats
168 creatures vanquished.

Notes
Turn   | Place    | Note
-------+----------+-------------------------------------------
     0 | D:1      | Forgeling the Octopode Earth Elementalist began the quest
                  | for the Orb.
     0 | D:1      | Reached XP level 1. HP: 11/11 MP: 3/3
   104 | D:1      | Reached XP level 2. HP: 17/17 MP: 1/5
   797 | D:1      | Reached XP level 3. HP: 21/21 MP: 2/6
  1455 | D:2      | Found a faded altar of an unknown god.
  1918 | D:2      | Learned a level 2 spell: Passwall
  2029 | D:3      | Reached XP level 4. HP: 27/27 MP: 4/7
  2182 | D:3      | Reached skill level 5 in Earth Magic
  2208 | D:3      | Found a runed translucent door.
  2209 | D:3      | Noticed Crazy Yiuf
  2436 | D:3      | Found a hide-covered altar of Uskayaw.
  2436 | D:3      | Noticed a +0 hand axe
  2437 | D:3      | Noticed a +0 hand axe
  2965 | D:4      | Reached XP level 5. HP: 31/31 MP: 4/8
  3175 | D:4      | Noticed Ijyb
  3438 | D:4      | Killed Ijyb
  3724 | D:4      | Found a runed translucent gate.
  3770 | D:4      | Found a runed translucent gate.
  3770 | D:4      | Found a runed translucent gate.
  3773 | D:4      | Noticed pigah's ghost (amateur OpSh)
  3773 | D:4      | Noticed an orc warrior
  3948 | D:4      | Reached skill level 1 in Throwing
  4107 | D:5      | Entered Level 5 of the Dungeon
  4129 | D:5      | Noticed a black bear
  4132 | D:5      | Killed a black bear
  4133 | D:5      | Reached XP level 6. HP: 36/36 MP: 6/9
  4456 | D:5      | Reached XP level 7. HP: 41/41 MP: 7/10
  5016 | D:5      | Learned a level 3 spell: Stone Arrow
  5021 | D:5      | Learned a level 4 spell: Brom's Barrelling Boulder
  5199 | D:5      | Reached skill level 1 in Fighting
  5627 | D:5      | Reached skill level 1 in Conjurations
  5630 | D:5      | Identified the staff "Gixablir" {Fragile rN+ Dex+3 Earth}
  5636 | D:5      | Reached XP level 8. HP: 50/50 MP: 9/13
  5800 | D:5      | Reached skill level 3 in Stealth
  6130 | D:6      | Reached skill level 4 in Stealth
  6368 | D:6      | Reached XP level 9. HP: 52/54 MP: 13/15
  6402 | D:6      | Reached skill level 5 in Stealth
  6404 | D:6      | Reached skill level 5 in Dodging
  6590 | D:6      | Found a staircase to the Ecumenical Temple.
  6611 | Temple   | Entered the Ecumenical Temple
  6621 | Temple   | Became a worshipper of Sif Muna the Loreminder
  6687 | D:6      | Reached skill level 6 in Stealth
  7308 | D:7      | Reached skill level 7 in Stealth
  7313 | D:7      | Reached skill level 5 in Conjurations
  7315 | D:7      | Reached skill level 8 in Stealth
  7719 | D:7      | Reached XP level 10. HP: 63/63 MP: 12/16
  7758 | D:7      | Reached skill level 9 in Stealth
  8074 | D:8      | Noticed a two-headed ogre
  8079 | D:8      | Killed a two-headed ogre
  8080 | D:8      | Reached skill level 10 in Stealth
  8338 | D:8      | Noticed Joseph
  8346 | D:8      | Killed Joseph
  8347 | D:8      | Reached skill level 5 in Fighting
  8347 | D:8      | Reached skill level 5 in Throwing
  8464 | D:8      | HP: 4/99 [poisoned by a killer bee]
  8466 | D:8      | Slain by a killer bee

Illustrated notes

Levels and vault maps discovered:
D:1:      dpeg_arrival_long_road, layout_basic
D:2:      layout_basic, ebering_ecumenical_altar_petrified,
          nicolae_kite_square_tiling_tiny
D:3:      layout_loops_cross, dancing_weapons_uskayaw,
          minmay_misc_feat_secret_circle, uniq_crazy_yiuf_cottage
D:4:      layout_basic, biasface_ghost_orc_armoury, uniq_ijyb
D:5:      minmay_octagon_keep, layout_basic
D:6:      layout_basic, minmay_temple_entry_proselytizer, minmay_joined_circles
D:7:      layout_loops_ring
D:8:      layout_gridville, david_lair_shrubbed, uniq_joseph
Temple:   mainiacjoe_temple_circle_huts

Skill      XL: |  1  2  3  4  5  6  7  8  9 10 |
---------------+-------------------------------+-----
Earth Magic    | 4 5 6 7 |  7.3
Throwing       | 2 4 5 |  5.1
Spellcasting   | 3 4 |  4.5
Fighting       | 2 3 5 |  5.1
Conjurations   | 1 3 5 |  5.0
Stealth        | 4 8 10 | 10.0
Dodging        | 4 6 |  6.0
Transmutations | |  1.0

Action                     |  1- 3 |  4- 6 |  7- 9 | 10-12 || total
---------------------------+-------+-------+-------+-------++-------
  Melee: Dagger            |       |       |     4 |       ||     4
         Constrict         |       |       |     1 |       ||     1
         Tentacles         |       |       |     1 |       ||     1
   Fire: Sling             |    34 |    43 |     2 |       ||    79
  Throw: Dart              |       |     3 |     1 |     3 ||     7
   Cast: Sandblast         |    43 |    56 |   127 |    25 ||   251
         Stone Arrow       |       |       |     4 |     6 ||    10
    Use: Scroll            |     3 |     1 |       |       ||     4
         Potion            |       |       |     4 |     5 ||     9
   Stab: Sleeping          |       |       |     1 |       ||     1
 Armour: Skin              |     7 |    24 |    39 |    14 ||    84
  Dodge: Dodged            |    12 |    21 |    47 |    32 ||   112
  Block: Other             |       |       |     2 |     6 ||     8
         Reflection        |       |       |       |     1 ||     1

Table legend: (Time is in decaauts)
 A = Elapsed time spent in this place.
 B = Non-inter-level travel time spent in this place.
 C = Inter-level travel time spent in this place.
 D = Time resting spent in this place.
 E = Time spent auto-exploring this place.
 F = Levels seen in this place.
 G = Mean time per level.
                   A        B        C        D        E       F      G
               +--------+--------+--------+--------+--------+-----+--------+
         Total |   8590 |   8147 |    443 |    503 |   6277 |   9 |  954.4 |
       Dungeon |   8570 |   8146 |    424 |    503 |   6277 |   8 | 1071.2 |
        Temple |     20 |      1 |     19 |      0 |      0 |   1 |   20.0 |
               +--------+--------+--------+--------+--------+-----+--------+

Top non-repeatable levels by time:
     D:5: 1619 daAuts
     D:4: 1403 daAuts
     D:6: 1314 daAuts
     D:1: 1118 daAuts
     D:3: 998 daAuts
     D:2: 886 daAuts
     D:7: 816 daAuts
     D:8: 413 daAuts
  Temple: 20 daAuts
